 Dungeon Crawl Stone Soup version 0.22.1-2-g9c5b331383 (webtiles) character file.

322 LinaInverse the Slasher (level 6, 0/51 HPs)
             Began as a Minotaur Gladiator on Dec 10, 2018.
             Was an Initiate of Qazlal.
             Succumbed to Eustachio's poison
             ... on level 4 of the Dungeon.
             The game lasted 00:15:12 (1222 turns).

LinaInverse the Slasher (Minotaur Gladiator)        Turns: 1222, Time: 00:15:13

Health: 0/51       AC:  6    Str: 25    XL:     6   Next: 22%
Magic:  5/5        EV: 12    Int:  5    God:    Qazlal [......]
Gold:   88         SH:  0    Dex: 10    Spells: 5/5 levels left

rFire    . . .     SeeInvis .   a - +0 long sword
rCold    . . .     Gourm    .   (no shield)
rNeg     . . .     Faith    .   l - +0 ring mail
rPois    .         Spirit   .   c - +1 hat
rElec    .         Reflect  .   (no cloak)
rCorr    .         Harm     .   (no gloves)
MR       .....                  (no boots)
Stlth    ..........             (no amulet)
HPRegen  0.17/turn              (no ring)
MPRegen  0.09/turn              (no ring)

@: mighty, lethally poisoned (0 -> -8), berserk cooldown, slowed, very slow
A: retaliatory headbutt, horns 2, talons 1, clumsy 1
a: Renounce Religion


You were on level 4 of the Dungeon.
You worshipped Qazlal.
Qazlal was noncommittal.
You were very hungry.

You visited 1 branch of the dungeon, and saw 4 of its levels.

You collected 88 gold pieces.

Inventory:

Hand Weapons
 a - a +0 long sword (weapon)
 e - a +1 rapier of venom
 h - a +0 dagger
 m - a +0 hunting sling
Missiles
 d - 3 throwing nets (quivered)
 n - 5 sling bullets
Armour
 c - a +1 hat (worn)
 g - a +0 leather armour
 l - a +0 ring mail (worn)
Jewellery
 o - an uncursed amulet of magic regeneration {unknown}
Scrolls
 b - a scroll of remove curse {unknown}
 j - a scroll of blinking {unknown}
 k - a scroll of noise {unknown}
 p - a scroll of identify
 q - 2 scrolls of teleportation {unknown}
Comestibles
 f - 5 rations


   Skills:
 + Level 3.6 Fighting
 + Level 6.1 Long Blades
 + Level 1.0(2.0) Slings
 + Level 2.5(2.6) Throwing
 + Level 2.4 Armour
 + Level 4.5 Dodging


You had 5 spell levels left.
You didn't know any spells.
Your spell library was empty.

Dungeon Overview and Level Annotations

Branches:
Dungeon (4/15)
 Temple: D:4-7

Altars:
Qazlal


Innate Abilities, Weirdness & Mutations

You reflexively headbutt those who attack you in melee.
You have a pair of horns on your head.
You have sharp toenails.
You are clumsy. (Dex -2)


Message History

You are too berserk!
You feel your anger nearly subside.
* * * LOW HITPOINT WARNING * * *
You feel sick.
You are no longer berserk.
You pass out from exhaustion.
You feel yourself slow down.
* * * LOW HITPOINT WARNING * * *
You feel sick.
* * * LOW HITPOINT WARNING * * *
You feel sick.
You can move again.
As you read the scroll labeled PAH ASIGAMNAFI, it crumbles to dust.
It is a scroll of identify.
e - a +1 rapier of venom
* * * LOW HITPOINT WARNING * * *
You feel sick.
* * * LOW HITPOINT WARNING * * *
You feel sick.
You die...

#....#
#....#####+#
#....#(.((@#
#....#.....#
#....#.....#
#....#.....#
#....#....(#
#....#.....#
#....#'#####.
#.............
#.............


There were no monsters in sight!

Vanquished Creatures
  Eustachio (D:4)
  An ice beast (D:2)
  2 adders
  An ooze (D:2)
  3 worms
  A dart slug (D:1)
  3 leopard geckos
  2 giant cockroaches (D:1)
  5 goblins
  5 hobgoblins
  5 kobolds
  3 quokkas (D:2)
  6 bats
  3 frilled lizards (D:1)
  12 rats
53 creatures vanquished.

Notes
Turn   | Place    | Note
-------+----------+-------------------------------------------
     0 | D:1      | LinaInverse the Minotaur Gladiator began the quest for the
                  | Orb.
     0 | D:1      | Reached XP level 1. HP: 18/18 MP: 0/0
    92 | D:1      | Reached XP level 2. HP: 19/25 MP: 1/1
   175 | D:1      | Reached skill level 4 in Long Blades
   279 | D:1      | Reached XP level 3. HP: 25/30 MP: 2/2
   414 | D:2      | Noticed an ice beast
   423 | D:2      | Killed an ice beast
   423 | D:2      | Reached skill level 5 in Long Blades
   423 | D:2      | Reached skill level 1 in Armour
   423 | D:2      | Reached XP level 4. HP: 38/38 MP: 3/3
   575 | D:2      | Reached XP level 5. HP: 45/45 MP: 4/4
  1115 | D:4      | Found a stormy altar of Qazlal.
  1117 | D:4      | Noticed a fire elemental
  1117 | D:4      | Noticed a water elemental
  1118 | D:4      | Noticed an air elemental
  1123 | D:4      | Became a worshipper of Qazlal Stormbringer
  1189 | D:4      | Noticed Eustachio
  1211 | D:4      | Killed Eustachio
  1211 | D:4      | Reached skill level 6 in Long Blades
  1211 | D:4      | Reached skill level 1 in Slings
  1211 | D:4      | Reached XP level 6. HP: 14/51 MP: 5/5
  1212 | D:4      | Gained mutation: You are weak. (Str -2) [potion of
                  | mutation]
  1212 | D:4      | Gained mutation: You are clumsy. (Dex -2) [potion of
                  | mutation]
  1212 | D:4      | Lost mutation: You are weak. (Str -2) [potion of mutation]
  1212 | D:4      | Gained mutation: You have sharp toenails. [potion of
                  | mutation]
  1221 | D:4      | HP: 1/51 [poisoned by Eustachio]
  1222 | D:4      | Succumbed to Eustachio's poison

Skill      XL: |  1  2  3  4  5 |
---------------+----------------+-----
Long Blades    | 4 5 6 |  6.1
Fighting       | 3 |  3.6
Armour         | 1 2 |  2.4
Dodging        | 4 |  4.5
Slings         | 1 |  1.0
Throwing       | |  2.5

Action                   |  1- 3 |  4- 6 || total
-------------------------+-------+-------++-------
Melee: Long sword        |    48 |    49 ||    97
       Headbutt          |     8 |    11 ||    19
 Fire: Hunting sling     |       |     9 ||     9
Throw: Throwing net      |     1 |       ||     1
  Use: Scroll            |     1 |     1 ||     2
       Potion            |       |     3 ||     3
Armor: Leather armour    |    11 |       ||    11
       Ring mail         |     9 |     2 ||    11
Dodge: Dodged            |    45 |    32 ||    77
       Rpst.: Long sword |    13 |    10 ||    23
